 Dungeon Crawl Stone Soup version 0.30-a0-782-ge64f9170bb (webtiles) character file.

Game seed: 12760306262441935073

59 IndexError the Shooter (level 4, -2/25 HPs)
             Began as a Gargoyle Hexslinger on Feb 22, 2023.
             Slain by an orc
             ... wielding a +0 flail
              (8 damage)
             ... on level 2 of the Dungeon.
             The game lasted 00:02:32 (1444 turns).

IndexError the Shooter (Gargoyle Hexslinger)        Turns: 1444, Time: 00:02:32

Health: -2/25      AC:  5    Str: 13    XL:     4   Next: 3%
Magic:  4/5        EV: 12    Int: 14    God:
Gold:   84         SH:  0    Dex: 12    Spells: 4/5 levels left

rFire   . . .      SeeInvis .    a - +1 sling
rCold   . . .      Faith    .    (no shield)
rNeg    + . .      Spirit   .    c - +0 robe
rPois   ∞          Reflect  .    (no helmet)
rElec   +          Harm     .    (no cloak)
rCorr   .          Rampage  .    (no gloves)
Will    .....                    (no boots)
Stlth   +                        (no amulet)
HPRegen 0.24/turn                (no ring)
MPRegen 0.09/turn                (no ring)

@: no status effects
A: sickness immunity, AC +3, negative energy resistance 1, electricity
resistance, torment resistance 1, petrification resistance
a: no special abilities


You were on level 2 of the Dungeon.
You visited 1 branch of the dungeon, and saw 3 of its levels.

You collected 84 gold pieces.

Inventory:

Hand Weapons
 a - a +1 sling (weapon)
Armour
 c - a +0 robe (worn)
 k - a +0 robe
   (You found it on level 1 of the Dungeon)
 l - a +0 leather armour
   (You found it on level 1 of the Dungeon)
 q - a +0 chain mail
   (You found it on level 2 of the Dungeon)
 r - a +0 robe
   (You found it on level 2 of the Dungeon)
 t - a +0 ring mail
   (You found it on level 2 of the Dungeon)
Magical Staves
 h - a staff of cold {rC+}
   (You found it on level 1 of the Dungeon)
Jewellery
 p - a ring of fire {rF+, rC-}
   (You found it on level 2 of the Dungeon)
 s - an amulet of the acrobat
   (You found it on level 2 of the Dungeon)
Scrolls
 b - a scroll of poison
 d - a scroll of fear {unknown}
 e - 2 scrolls of teleportation {unknown}
 i - a scroll of vulnerability {unknown}
 j - 2 scrolls of blinking {unknown}
 n - a scroll of acquirement {unknown}
 o - 2 scrolls of identify {unknown}
Potions
 f - a potion of might {unknown}
 g - a potion of curing {unknown}
 m - a potion of lignification {unknown}


   Skills:
 - Level 1.1 Fighting
 * Level 3.6 Ranged Weapons
 - Level 1.5 Dodging
 - Level 1.0 Spellcasting
 + Level 3.3 Hexes


You had 4 spell levels left.
You knew the following spells:

 Your Spells              Type           Power      Damage    Failure   Level
s - Slow                  Hex            36%        N/A       7%          1

Your spell library contained the following spells:

 Spells                   Type           Power      Damage    Failure   Level
 Inner Flame              Hex/Fire       5%         N/A       38%         3
 Portal Projectile        Hex/Tloc       10%        N/A       38%         3
 Cause Fear               Hex            4%         N/A       56%         4


Dungeon Overview and Level Annotations

Branches:
Dungeon (3/15)

Altars:


Innate Abilities, Weirdness & Mutations

You are immune to sickness and miasma.
Your stone body is resilient. (AC +3)
You are immune to poison.
You resist negative energy. (rN+)
You are resistant to electric shocks. (rElec)
You are resistant to unholy torment.
You are immune to petrification.


Message History

You climb downwards.
Found a stone staircase leading down.
There is a stone staircase leading up here.
You climb upwards.
There is a stone staircase leading down here.
There is a stone staircase leading down here.
You climb downwards.
The orc shouts!
There is a stone staircase leading up here.
An orc is nearby!
You shoot a sling bullet. The sling bullet hits the orc.
You hear a shout!
An orc wizard comes into view. It is wielding a +0 dagger.
Spoiler Alert: The orc wizard might cast Slow, Confuse, Throw Flame, Throw Frost, or go Invisible!
You shoot a sling bullet.
The sling bullet hits the orc wizard but does no damage.
A rat comes into view.
You shoot a sling bullet.
The sling bullet closely misses the rat.
An orc comes into view. It is wielding a +0 flail.
Spoiler Alert: The orc wizard might cast Slow, Confuse, Throw Flame, Throw Frost, or go Invisible!
The rat bites you.
You climb upwards.
There is a stone staircase leading down here.
You shoot a sling bullet. The sling bullet hits the rat!
No target in view!
You climb downwards.
An orc comes into view. It is wielding a +0 dagger.
There is a stone staircase leading up here.
Spoiler Alert: The orc wizard might cast Slow, Confuse, Throw Flame, Throw Frost, or go Invisible!
You shoot a sling bullet.
The sling bullet closely misses the orc wizard.
The orc shouts!
The orc wizard closely misses you.
Spoiler Alert: The orc wizard might cast Slow, Confuse, Throw Flame, Throw Frost, or go Invisible!
You climb upwards.
There is a stone staircase leading down here.
Casting: Slow (safe; 7% risk of failure)
Confirm with . or Enter, or press ? or * to list all spells.
You can't see any susceptible monsters within range! (Use Z to cast anyway.) Unknown command.
Unknown command.
Done exploring.
You climb downwards.
The orc wizard casts a spell.
The orc wizard flickers and vanishes!
Deactivating autopickup; reactivate with Ctrl-A.
There is a stone staircase leading up here.
The orc hits you but does no damage. The orc hits you but does no damage.
The orc hits you with a +0 flail.
You climb upwards.
Reactivating autopickup.
There is a stone staircase leading down here.
You take 2 damage, and have 23/25 hp.
Casting: Slow (safe; 7% risk of failure)
Confirm with . or Enter, or press ? or * to list all spells.
Aiming: Slow (safe; 7% risk of failure)
Press: ? - help, Shift-Dir - straight line, f - orc
Aim: an orc, wielding a +0 dagger and wearing a +0 leather armour (chance to affect: 61%)
The orc seems to slow down.
The orc hits you with a +0 flail! The orc hits you but does no damage.
You take 7 damage, and have 16/25 hp.
MASSIVE DAMAGE!!
You now have 4/5 mp.
You shoot a sling bullet.
The sling bullet closely misses the orc.
The orc barely misses you. The orc hits you with a +0 dagger.
You shoot a sling bullet. The sling bullet hits the orc.
The orc hits you with a +0 flail.
You are too injured to fight recklessly!
You take 5 damage, and have 11/25 hp.
You are too injured to fight recklessly!
You are too injured to fight recklessly!
You are too injured to fight recklessly!
You are too injured to fight recklessly!
You are too injured to fight recklessly!
You are too injured to fight recklessly!
You are too injured to fight recklessly!
You are too injured to fight recklessly!
You are too injured to fight recklessly!
You are too injured to fight recklessly!
You are too injured to fight recklessly!
You are too injured to fight recklessly!
You are too injured to fight recklessly!
You are too injured to fight recklessly!
You are too injured to fight recklessly!
Fire: a) +1 sling
Press: ? - help, Q - select action Shift-Dir - straight line, f/p - orc
Aim: an orc, wielding a +0 flail and wearing a +0 leather armour (heavily wounded, 56% to hit)
You shoot a sling bullet. The sling bullet barely misses the orc.
The orc hits you with a +0 flail. The orc barely misses you.
The orc closely misses you.
You take 2 damage, and have 9/25 hp.
Fire: a) +1 sling
Press: ? - help, Q - select action Shift-Dir - straight line, f/p - orc
Aim: an orc, wielding a +0 flail and wearing a +0 leather armour (heavily wounded, 56% to hit)
You shoot a sling bullet.
The sling bullet hits the orc but does no damage.
The orc hits you with a +0 dagger.
* * * LOW HITPOINT WARNING * * *
The orc hits you with a +0 flail!
You die...

...........#...).######
.................#
.......###.......#
......## ###.....#
.......# #.....#
.......# #.....#
.)...).# #######
......###############
.....###..(..##.@...##
................oo...##
#####.................#
##................#
#................#
#................#
#................#
#................#
##..............##


You could see 2 orcs.

Vanquished Creatures
  An adder (D:2)
  2 dart slugs
  4 ball pythons
  5 endoplasms
  4 giant cockroaches
  4 goblins
  6 hobgoblins
  2 kobolds
  2 quokkas (D:1)
  2 bats
  A frilled lizard (D:1)
  9 rats
42 creatures vanquished.

Notes
Turn   | Place    | Note
-------+----------+-------------------------------------------
     0 | D:1      | IndexError the Gargoyle Hexslinger began the quest for the
                  | Orb.
     0 | D:1      | Reached XP level 1. HP: 12/12 MP: 2/2
     8 | D:1      | Found a faded altar of an unknown god.
   192 | D:1      | Reached XP level 2. HP: 16/16 MP: 3/3
   343 | D:1      | Reached skill level 3 in Hexes
   569 | D:1      | Reached skill level 3 in Ranged Weapons
   573 | D:1      | Reached XP level 3. HP: 19/20 MP: 4/4
  1215 | D:2      | Reached XP level 4. HP: 24/25 MP: 5/5
  1444 | D:2      | HP: 6/25 [orc/+0 dagger (3)]
  1444 | D:2      | Slain by an orc

Illustrated notes

Levels and vault maps discovered:
D:1:      minmay_arrival_three_doors, layout_loops_ring,
          dreamdust_ecumenical_altar_grove, minmay_pentomino_r4
D:2:      layout_rooms
D:3:      layout_loops_ring, chequers_serial_rivers_marsh,
          minmay_misc_feat_cross, dreamdust_princess_bridge, uniq_terence

Skill      XL: |  1  2 |
---------------+-------+-----
Hexes          | 3 |  3.3
Ranged Weapons | 3 |  3.6
Fighting       | |  1.1
Dodging        | |  1.5
Spellcasting   | |  1.0

Action                     |  1- 3 |  4- 6 || total
---------------------------+-------+-------++-------
   Fire: Sling             |   134 |    10 ||   144
   Cast: Slow              |     1 |     1 ||     2
 Armour: Robe              |    31 |     3 ||    34
  Dodge: Dodged            |    51 |     4 ||    55

Table legend: (Time is in decaauts)
 A = Elapsed time spent in this place.
 B = Non-inter-level travel time spent in this place.
 C = Inter-level travel time spent in this place.
 D = Time resting spent in this place.
 E = Time spent auto-exploring this place.
 F = Levels seen in this place.
 G = Mean time per level.
                   A        B        C        D        E       F      G
               +--------+--------+--------+--------+--------+-----+--------+
         Total |   1484 |   1283 |    201 |      0 |   1004 |   3 |  494.7 |
       Dungeon |   1484 |   1283 |    201 |      0 |   1004 |   3 |  494.7 |
               +--------+--------+--------+--------+--------+-----+--------+

Top non-repeatable levels by time:
     D:1: 860 daAuts
     D:2: 606 daAuts
     D:3: 17 daAuts

Table legend:
 A = Kills in this place as a percentage of kills in entire the game.
 B = Kills by you in this place as a percentage of kills by you in the entire game.
 C = Kills by friends in this place as a percentage of kills by friends in the entire game.
 D = Other kills in this place as a percentage of other kills in the entire game.
 E = Experience gained in this place as a percentage of experience gained in the entire game.
 F = Experience gained in this place divided by the number of levels of this place that you have seen.
                   A       B       C       D       E      F
               +-------+-------+-------+-------+-------+----------------------
         Total | 100.0 | 100.0 |   N/A |   N/A | 100.0 |  28.3
       Dungeon | 100.0 | 100.0 |   N/A |   N/A | 100.0 |  28.3
               +-------+-------+-------+-------+-------+----------------------
